 Dungeon Crawl Stone Soup version 0.27-a0-1113-gb2b6fe9c5e (console) character file.

Game seed: 8014776629808910663

46 Gather the Insei (level 3, -4/23 HPs)
             Began as an Octopode Transmuter on May 1, 2021.
             Slain by a goblin
             ... wielding a +0 dagger
             ... led by Robin
              (6 damage)
             ... on level 2 of the Dungeon.
             The game lasted 00:05:04 (1474 turns).

Gather the Insei (Octopode Transmuter)              Turns: 1474, Time: 00:05:04

Health: -4/23      AC:  1    Str:  9    XL:     3   Next: 66%
Magic:  2/6        EV: 13    Int: 15    God:
Gold:   95         SH:  0    Dex: 13    Spells: 0/6 levels left

rFire    . . .     SeeInvis .     - Unarmed
rCold    . . .     Faith    .   (no shield)
rNeg     . . .     Spirit   .   (helmet restricted)
rPois    .         Reflect  .   (no amulet)
rElec    .         Harm     .   (no ring)
rCorr    .         Rampage  .   (no ring)
Will     .....                  (no ring)
Stlth    +++.......             (no ring)
HPRegen  0.07/turn              (no ring)
MPRegen  0.10/turn              (no ring)
                                (no ring)
                                (no ring)

@: no status effects
A: almost no armour, amphibious, 8 rings, camouflage 1, gelatinous body 1,
(nimble swimmer 1), tentacles
a: no special abilities


You were on level 2 of the Dungeon.
You visited 1 branch of the dungeon, and saw 2 of its levels.

You collected 95 gold pieces.

Inventory:

Hand Weapons
 d - a +0 dagger
Missiles
 e - 57 stones
Scrolls
 b - 3 scrolls of identify {unknown}
 c - a scroll of noise {unknown}


   Skills:
 - Level 1.0 Fighting
 - Level 2.2 Dodging
 - Level 1.2 Stealth
 - Level 3.7 Unarmed Combat
 - Level 2.0 Spellcasting
 - Level 2.2 Transmutations
 + Level 1.7 Poison Magic


You couldn't memorise any spells.
You knew the following spells:

 Your Spells              Type           Power      Damage    Failure   Level
a - Beastly Appendage     Tmut           16%        N/A       9%          1
b - Spider Form           Tmut/Pois      3%         N/A       28%         3
c - Wereblood             Tmut           8%         N/A       13%         2

Your spell library contained the following spells:

 Spells                   Type           Power      Damage    Failure   Level
 Ice Form                 Ice/Tmut       4%         N/A       80%         4
 Hydra Form               Tmut           4%         N/A       94%         5


Dungeon Overview and Level Annotations

Branches:
Dungeon (2/15)

Altars:


Innate Abilities, Weirdness & Mutations

You cannot wear most types of armour.
You are amphibious.
You can wear up to eight rings at the same time.
Your skin changes colour to match your surroundings (Stealth+).
Your rubbery body absorbs attacks. (AC +1, EV +1)
((You are camouflaged near water. (Stealth+)))
You have tentacles for arms and can constrict up to eight enemies at once.


Message History

You constrict Robin, but do no damage. The goblin misses you.
Robin escapes!
You tentacle-slap Robin but do no damage.
Your grab misses Robin.
Robin is heavily wounded.
Robin zaps a wand.
The puff of flame misses you.
The puff of flame hits the goblin!
The goblin dies!
The goblin unwields a +0 club.
The goblin wields a +0 hunting sling.
The goblin shoots a stone.
The stone barely misses you.
You see here a +0 club.
You tentacle-slap Robin but do no damage.
Your grab misses Robin.
Robin is heavily wounded.
Robin closely misses you.
You tentacle-slap Robin but do no damage.
You grab Robin.
Robin is heavily wounded.
You constrict Robin, but do no damage. Robin throws the goblin at you!
You tentacle-slap Robin but do no damage.
Robin is heavily wounded.
You constrict Robin.
The goblin unwields a +0 hunting sling.
The goblin wields a +0 club.
The goblin hits you but does no damage. Robin throws the goblin at you!
You tentacle-slap Robin but do no damage.
You pierce Robin.
Robin is severely wounded.
You constrict Robin. The goblin barely misses you. x2
Robin points. "Kill!"
Robin hits you with a +0 whip.
You tentacle-slap Robin.
You pierce Robin.
You kill Robin!
The goblin hits you with a +0 club. The goblin hits you with a +0 dagger.
You feel better. The ball python misses you. The ball python grabs you.
The ball python constricts you. The goblin hits you with a +0 club.
The goblin hits you with a +0 dagger. The ball python bites you.
The ball python constricts you.
You escape the ball python's grasp.
Your tentacle spike disappears.
The goblin hits you with a +0 club.
* * * LOW HITPOINT WARNING * * *
The goblin hits you with a +0 dagger.
* * * LOW HITPOINT WARNING * * *
The goblin closely misses you. The goblin hits you with a +0 dagger.
You die... .# ##.# ...# ... .. ### ..#g####. ######.. #.ggg.gg#

#......# #g# ###.####..
##S## #.......#. #g.g#
#.#.###.#. #.@.#
#.#.##.... #...#
#.#..#..#. #...#
#.##.#..#. #...#
#.......##
#####...#########.#.<..
..............###.#####
.......................
..............#.#..†.##
#####...#######.#.#).##
#...# #.#.....# #...#
#.###..#.


You could see 5 goblins and a ball python.

Vanquished Creatures
  Robin (D:2)
  2 dart slugs (D:1)
  3 ball pythons (D:1)
  4 bats (D:1)
  4 endoplasms (D:1)
  A giant cockroach (D:1)
  7 goblins
  A hobgoblin (D:2)
  A jackal (D:1)
  A kobold (D:1)
  A quokka (D:2)
  A frilled lizard (D:1)
  A rat (D:1)
28 creatures vanquished.

Vanquished Creatures (others)
  A goblin (D:2)
1 creature vanquished.

Grand Total: 29 creatures vanquished

Notes
Turn   | Place    | Note
-------+----------+-------------------------------------------
     0 | D:1      | Gather the Octopode Transmuter began the quest for the Orb.
     0 | D:1      | Reached XP level 1. HP: 13/13 MP: 3/3
   157 | D:1      | Reached XP level 2. HP: 18/18 MP: 3/5
   735 | D:1      | Reached skill level 1 in Stealth
   739 | D:1      | Reached XP level 3. HP: 18/23 MP: 4/6
  1173 | D:1      | Learned a level 3 spell: Spider Form
  1176 | D:1      | Learned a level 2 spell: Wereblood
  1454 | D:2      | Noticed Robin
  1459 | D:2      | Reached skill level 1 in Poison Magic
  1471 | D:2      | Killed Robin
  1474 | D:2      | Slain by a goblin

Illustrated notes

Levels and vault maps discovered:
D:1:      nzn_arrival_settlement, layout_basic, minivault_27, minmay_distorted
D:2:      layout_loops_cross, uniq_robin

Skill      XL: |  1  2  3 |
---------------+----------+-----
Stealth        | 1 |  1.2
Poison Magic   | 1 |  1.7
Fighting       | |  1.0
Dodging        | |  2.2
Unarmed Combat | |  3.7
Spellcasting   | |  2.0
Transmutations | |  2.2

Action                   || total
-------------------------++-------
Melee: Unarmed           ||    66
       Constrict         ||    12
       Kick              ||     8
       Tentacles         ||     5
       Punch             ||     2
 Cast: Beastly Appendage ||    16
       Spider Form       ||     1
  Use: Potion            ||     2
 Stab: Sleeping          ||     1
Armor: Skin              ||     5
Dodge: Dodged            ||    49

Table legend: (Time is in decaauts)
 A = Elapsed time spent in this place.
 B = Non-inter-level travel time spent in this place.
 C = Inter-level travel time spent in this place.
 D = Time resting spent in this place.
 E = Time spent auto-exploring this place.
 F = Levels seen in this place.
 G = Mean time per level.
                   A        B        C        D        E       F      G
               +--------+--------+--------+--------+--------+-----+--------+
         Total |   1469 |   1458 |     11 |      0 |   1249 |   2 |  734.5 |
       Dungeon |   1469 |   1458 |     11 |      0 |   1249 |   2 |  734.5 |
               +--------+--------+--------+--------+--------+-----+--------+

Top non-repeatable levels by time:
     D:1: 1186 daAuts
     D:2: 282 daAuts
